 Dungeon Crawl Stone Soup version 0.31-a0-986-g5e6e4ef867 (webtiles) character file.

Game seed: 1855444469710503710

92 dialectric the Trooper (level 4, -7/37 HPs)
             Began as a Demonspawn Berserker on Nov 7, 2023.
             Was a Believer of Trog.
             Mangled by a gnoll
             ... wielding a +0 halberd
              (12 damage)
             ... on level 3 of the Dungeon.
             The game lasted 00:01:59 (2023 turns).

dialectric the Trooper (Demonspawn Berserker)       Turns: 2023, Time: 00:01:59

Health: -7/37      AC:  4    Str: 19    XL:     4   Next: 35%
Magic:  4/4        EV: 12    Int:  8    God:    Trog [**....]
Gold:   96         SH:  0    Dex: 13    Spells: 3/3 levels left

rFire   . . .        a - +0 mace
rCold   . . .        (no shield)
rNeg    . . .        b - +0 animal skin
rPois   .            (helmet restricted)
rElec   .            (no cloak)
rCorr   .            (no gloves)
SInv    .            (no boots)
Will    .....        (no amulet)
Stlth   +            (no ring)
HPRegen 0.26/turn    (no ring)
MPRegen 0.09/turn

%: no passive effects
@: no status effects
A: antennae 1, thin metallic scales 1, foul stench 1
a: Renounce Religion, Berserk, Trog's Hand


You were on level 3 of the Dungeon.
You worshipped Trog.
Trog was pleased with you.
You visited 1 branch of the dungeon, and saw 3 of its levels.

You collected 96 gold pieces.

Inventory:

Hand Weapons
 a - a +0 mace (weapon)
Armour
 b - a +0 animal skin (worn)
Scrolls
 d - a scroll of fear
 f - 3 scrolls of teleportation {unknown}
 g - 2 scrolls of identify {unknown}
 j - a scroll of amnesia {unknown}
 k - a scroll of poison {unknown}
 l - a scroll of immolation {unknown}
Potions
 c - 2 potions of resistance {unknown}
 e - a potion of lignification {unknown}
 h - a potion of attraction {unknown}
 i - a potion of enlightenment {unknown}
 m - a potion of berserk rage {unknown}
 n - a potion of brilliance {unknown}


   Skills:
 + Level 4.2 Fighting
 - Level 3.0 Maces & Flails
 + Level 2.0 Armour
 + Level 2.8 Dodging


You had 3 spell levels left.
You didn't know any spells.
Your spell library was empty.

Dungeon Overview and Level Annotations

Branches:
Dungeon (3/15)

Altars:

Shops:
D:1 *


Innate Abilities, Weirdness & Mutations

You have a pair of small antennae on your head.
You are partially covered in thin metallic scales. (AC +2)
You may rarely emit foul miasma when damaged in melee.


Message History

You barely miss the gnoll. The gnoll hits you with a +0 flail.
You emit a cloud of foul miasma!
The frilled lizard barely misses you.
The gnoll hits you from afar with a +0 halberd!
You sock the gnoll!
The gnoll is heavily wounded.
The gnoll is engulfed in dark miasma.
The gnoll is poisoned.
The gnoll hits you with a +0 flail. The frilled lizard closely misses you.
The gnoll closely misses you.
You hit the gnoll but do no damage.
The gnoll is almost dead.
The gnoll is engulfed in dark miasma.
The gnoll looks even sicker.
You kill the gnoll!
Trog accepts your kill. The frilled lizard barely misses you.
The gnoll completely misses you. The gnoll barely misses you.
The gnoll hits you from afar with a +1 halberd of flaming.
The gnoll burns you. The gnoll barely misses you.
The frilled lizard bites you but does no damage.
You hear the slow rusting of a distant drain.
The gnoll throws a throwing net.
The throwing net hits you.
You become entangled in the net!
You see here a throwing net.
You struggle against the net.
The frilled lizard barely misses you. The gnoll barely misses you.
You struggle against the net.
The frilled lizard unfolds its giant frill.
The frilled lizard bites you. The gnoll hits you but does no damage.
The gnoll closely misses you.
You struggle against the net.
The frilled lizard bites you but does no damage.
The gnoll hits you from afar with a +1 halberd of flaming!
* * * LOW HITPOINT WARNING * * *
The gnoll burns you.
* * * LOW HITPOINT WARNING * * *
The gnoll hits you but does no damage.
You rip the net and break free!
The frilled lizard bites you but does no damage.
The gnoll barely misses you.
The gnoll hits you from afar with a +0 halberd!
You die...

..... #........#...#
.... #........#...#
.... #......#.....##
.... #.....†#......#
..... #......#...##.#
.....#......#.<....#
.....#......#....###
#.g.(...#......#
.####.g.@.[.#......#
......).l.###......#
...................#
.#...............#..
.....................
.............###
.............#
.............#
.............#


You could see 2 gnolls and a frilled lizard.

Vanquished Creatures
  Terence (D:2)
  A gnoll (D:3)
  An adder (D:2)
  3 dart slugs
  4 ball pythons
  2 bats
  3 endoplasms
  2 giant cockroaches
  4 goblins
  3 hobgoblins (D:1)
  6 quokkas
  2 frilled lizards
  4 kobolds
  3 rats
39 creatures vanquished.

Notes
Turn   | Place    | Note
-------+----------+-------------------------------------------
     0 | D:1      | dialectric the Demonspawn Berserker began the quest for the
                  | Orb.
     0 | D:1      | Reached XP level 1. HP: 18/18 MP: 1/1
   173 | D:1      | Found Pauffih's Assorted Antiques.
   311 | D:1      | Gained mutation: You have a pair of small antennae on your
                  | head. [demonic ancestry]
   311 | D:1      | Reached XP level 2. HP: 24/24 MP: 2/2
  1110 | D:2      | Gained mutation: You are partially covered in thin metallic
                  | scales. (AC +2) [demonic ancestry]
  1110 | D:2      | Reached XP level 3. HP: 28/29 MP: 3/3
  1136 | D:2      | Noticed Terence
  1150 | D:2      | Killed Terence
  1159 | D:2      | Reached skill level 4 in Fighting
  1762 | D:2      | Gained mutation: You may rarely emit foul miasma when
                  | damaged in melee. [demonic ancestry]
  1762 | D:2      | Reached XP level 4. HP: 32/37 MP: 4/4
  1940 | D:3      | Reached ** piety under Trog
  2023 | D:3      | Mangled by a gnoll

Illustrated notes

Levels and vault maps discovered:
D:1:      heliophobic_arrival_battle_scene, layout_basic, serial_shops,
          nicolae_shop_tiny_real_fake_doors, hangedman_decor_points
D:2:      layout_basic, grunt_decor_junction, nicolae_titane, uniq_terence
D:3:      layout_basic, portal_sewer_entry_d

Skill      XL: |  1  2  3 |
---------------+----------+-----
Maces & Flails | 3 |  3.0
Dodging        | 2 |  2.8
Armour         | 2 |  2.0
Fighting       | 4 |  4.2

Action                     |  1- 3 |  4- 6 || total
---------------------------+-------+-------++-------
  Melee: Mace              |   129 |    28 ||   157
         Punch             |     1 |       ||     1
 Invoke: Berserk           |     1 |       ||     1
    Use: Scroll            |     1 |       ||     1
   Stab: Sleeping          |     2 |     1 ||     3
 Armour: Animal skin       |    82 |    25 ||   107
  Dodge: Dodged            |    99 |    31 ||   130

Table legend: (Time is in decaauts)
 A = Elapsed time spent in this place.
 B = Non-inter-level travel time spent in this place.
 C = Inter-level travel time spent in this place.
 D = Time resting spent in this place.
 E = Time spent auto-exploring this place.
 F = Levels seen in this place.
 G = Mean time per level.
                   A        B        C        D        E       F      G
               +--------+--------+--------+--------+--------+-----+--------+
         Total |   2071 |   2049 |     22 |     87 |   1546 |   3 |  690.3 |
       Dungeon |   2071 |   2049 |     22 |     87 |   1546 |   3 |  690.3 |
               +--------+--------+--------+--------+--------+-----+--------+

Top non-repeatable levels by time:
     D:2: 1010 daAuts
     D:1: 957 daAuts
     D:3: 103 daAuts
